 Dungeon Crawl Stone Soup version 0.19.5 (console) character file.

74 Grinner the Cudgeler (level 4, -10/49 HPs)
             Began as an Ogre Fighter on Mar 23, 2017.
             Mangled by Autismocles's ghost (12 damage)
             ... on level 3 of the Dungeon.
             The game lasted 00:02:36 (1431 turns).

Grinner the Cudgeler (Ogre Fighter)                 Turns: 1431, Time: 00:02:36

Health: -10/49     AC:  3    Str: 27    XL:     4   Next: 28%
Magic:  4/4        EV: 10    Int:  7    God:
Gold:   63         SH:  0    Dex:  9    Spells: 0 memorised, 3 levels left

rFire  . . .     SeeInvis .     a - +0 flail
rCold  . . .     Gourm    .     b - +0 robe
rNeg   . . .     Faith    .     (no shield)
rPois  .         Spirit   .     (helmet restricted)
rElec  .         Reflect  .     (no cloak)
rCorr  .         Harm     .     (gloves unavailable)
MR     .....                    (boots unavailable)
Stlth  ..........               (no amulet)
                                (no ring)
                                e - ring of loudness (curse)

@: mighty
A: unfitting armour, tough skin 1
a: no special abilities


You were on level 3 of the Dungeon.
You were not hungry.

You visited 1 branch of the dungeon, and saw 3 of its levels.

You collected 63 gold pieces.

Inventory:

Hand Weapons
 a - a +0 flail (weapon)
Missiles
 m - a throwing net (quivered)
Armour
 b - a +0 robe (worn)
 c - a +0 shield
Jewellery
 e - a cursed ring of loudness (left hand)
Scrolls
 g - 3 scrolls of recharging {unknown}
 i - a scroll of identify {unknown}
 n - a scroll of magic mapping {unknown}
Potions
 h - a potion of lignification {unknown}
 j - a potion of heal wounds {unknown}
Comestibles
 f - a bread ration
 k - 2 meat rations
 l - 3 beef jerkies


   Skills:
 + Level 4.8 Fighting
 * Level 5.2 Maces & Flails
 - Level 2.6 Dodging
 - Level 2.6 Shields


You had 3 spell levels left.
You didn't know any spells.

Dungeon Overview and Level Annotations

Branches:
Dungeon (3/15)

Altars:

Annotations:
D:3 Autismocles's ghost, weakling TrMo


Innate Abilities, Weirdness & Mutations

You are too large for most types of armour.
You have tough skin. (AC +1)


Message History

Autismocles's ghost is moderately damaged.
Autismocles's ghost hits you.
* * * LOW HITPOINT WARNING * * *
You sock Autismocles's ghost!
Autismocles's ghost is severely damaged.
Autismocles's ghost closely misses you.
You barely miss Autismocles's ghost.
Autismocles's ghost is severely damaged.
Autismocles's ghost barely misses you.
You barely miss Autismocles's ghost.
Autismocles's ghost is severely damaged.
Autismocles's ghost hits you!
* * * LOW HITPOINT WARNING * * *
You barely miss Autismocles's ghost.
Autismocles's ghost is severely damaged.
Autismocles's ghost hits you but does no damage.
You barely miss Autismocles's ghost.
Autismocles's ghost is severely damaged.
Autismocles's ghost barely misses you. Autismocles's ghost hits you!
You die...

####### #.....#
#.....# .. #.....#
....##.....#
#.......# #####@#.#
#.W#.# ...##.##
##..##..#
#...###.##
##...##...##
##..(.......##
##............####
#..........>.....##


You could see Autismocles's ghost.

Vanquished Creatures
  Ijyb (D:2)
  An ooze (D:2)
  2 worms
  A dart slug (D:1)
  A leopard gecko (D:1)
  An orc (D:2)
  5 goblins
  3 hobgoblins
  2 jackals (D:3)
  3 kobolds
  A ball python (D:2)
  6 bats
  A frilled lizard (D:1)
  7 rats
35 creatures vanquished.

Notes
Turn   | Place    | Note
-------+----------+-------------------------------------------
     0 | D:1      | Grinner the Ogre Fighter began the quest for the Orb.
     0 | D:1      | Reached XP level 1. HP: 24/24 MP: 1/1
    16 | D:1      | Reached skill level 3 in Maces & Flails
   104 | D:1      | Reached XP level 2. HP: 30/32 MP: 2/2
   324 | D:1      | Reached skill level 4 in Maces & Flails
   440 | D:1      | Reached XP level 3. HP: 23/40 MP: 3/3
   854 | D:2      | Noticed Ijyb
   882 | D:2      | Killed Ijyb
   882 | D:2      | Reached XP level 4. HP: 12/49 MP: 4/4
  1140 | D:2      | Reached skill level 5 in Maces & Flails
  1420 | D:3      | Noticed Autismocles's ghost (weakling TrMo)
  1429 | D:3      | HP: 2/49 [Autismocles's ghost (12)]
  1431 | D:3      | Mangled by Autismocles's ghost

Skill      XL: |  1  2  3  4 |
---------------+-------------+-----
Maces & Flails | 3 4 5 |  5.2
Fighting       | |  4.8
Dodging        | |  2.6
Shields        | |  2.6

Action                   |  1- 3 |  4- 6 || total
-------------------------+-------+-------++-------
Melee: Flail             |   100 |    40 ||   140
  Use: Potion            |       |     1 ||     1
  Eat: Chunk             |       |     2 ||     2
Armor: Robe              |    31 |    25 ||    56
Dodge: Dodged            |    64 |    33 ||    97
